 Dungeon Crawl Stone Soup version 0.32-a0-656-g3542139ebd (webtiles) character file.

Game seed: 16415560973377476408

8 growler the Ruffian (level 2, 18/21 HPs)
             Began as a Demonspawn Shapeshifter on Mar 8, 2024.
             Quit the game on level 1 of the Dungeon.
             The game lasted 00:00:48 (161 turns).

growler the Ruffian (Demonspawn Shapeshifter)        Turns: 161, Time: 00:00:49

Health: 18/21      AC:  2    Str: 14    XL:     2   Next: 0%
Magic:  2/2        EV: 12    Int: 10    God:
Gold:   0          SH:  0    Dex: 12    Spells: 1/1 levels left

rFire   . .          .
                       - Unarmed
rCold   . . .        (no shield)
rNeg    . . .        a - +0 animal skin
rPois   .            (helmet currently unavailable)
rElec   .            (cloak currently unavailable)
rCorr   .            (gloves currently unavailable)
SInv    .            (boots currently unavailable)
Will    .....        (no amulet)
Stlth   +            (no ring)
HPRegen 0.23/turn    (no ring)
MPRegen 0.08/turn

%: no passive effects
@: beast-form
A: beast (slay +1), demonic guardian 1
a: Begin Untransformation


You were on level 1 of the Dungeon.
You were a hulking beast.
You visited 1 branch of the dungeon, and saw 1 of its levels.

Inventory:

Armour
 a - a +0 animal skin (worn)
Talismans
 c - a beast talisman (active)
 d - a flux talisman
Scrolls
 e - a scroll of identify {unknown}
Potions
 b - a potion of lignification
 f - a potion of curing {unknown}


   Skills:
 - Level 1.0 Fighting
 - Level 1.7 Dodging
 + Level 3.0 Unarmed Combat
 + Level 2.9 Shapeshifting


You had one spell level left.
You didn't know any spells.
Your spell library was empty.

Dungeon Overview and Level Annotations

Branches:
Dungeon (1/15)

Altars:


Innate Abilities, Weirdness & Mutations

You are a hulking beast.
Your limbs bulge with bestial killing power. (Slay +1)
A weak demonic guardian rushes to your aid.


Message History

The bat misses you.
You barely miss the bat.
The bat is severely wounded.
The bat completely misses you.
You hit the bat.
You kill the bat!
HP restored.
You see here a +0 spear.
A ball python comes into view.
The ball python hisses angrily.
A ball python is nearby!
You hit the ball python but do no damage.
The ball python bites you. The ball python barely misses you.
You punch the ball python!
You kill the ball python!
No target in view!
A ball python comes into view.
The ball python hisses angrily.
The ball python misses you.
You barely miss the ball python.
The ball python bites you but does no damage.
The ball python closely misses you.
You hit the ball python.
You kill the ball python!
No target in view!
e - a scroll labelled KIYXZE GAGYRPH
f - a dark potion A hobgoblin comes into view.
Unknown command.
The hobgoblin shouts!
Found a spear.
The hobgoblin hits you.
You barely miss the hobgoblin. The hobgoblin closely misses you.
You hit the hobgoblin.
You kill the hobgoblin!
Your Unarmed Combat skill increases to level 3!
You have reached level 2!
Your demonic ancestry asserts itself...
You feel the presence of a demonic guardian.
Are you sure you want to abandon this character and quit the game? (Confirm with "yes".)

# ### .##
#.################...###
................h†....).
............###.........
...###.###..# #.###.####
#.## #.# #..# #.# # #.#
#.# #..# #.# ..# #.#
#..# #.# ..# #.# #..#
#.# ..# #.# #..# #.#
#.## #.# #..#


There were no monsters in sight!

Vanquished Creatures
  2 ball pythons (D:1)
  A bat (D:1)
  2 hobgoblins (D:1)
  A kobold (D:1)
6 creatures vanquished.

Notes
Turn   | Place    | Note
-------+----------+-------------------------------------------
     0 | D:1      | growler the Demonspawn Shapeshifter began the quest for the
                  | Orb.
     0 | D:1      | Reached XP level 1. HP: 15/15 MP: 1/1
   161 | D:1      | Reached skill level 3 in Unarmed Combat
   161 | D:1      | Gained mutation: A weak demonic guardian rushes to your
                  | aid. [demonic ancestry]
   161 | D:1      | Reached XP level 2. HP: 18/21 MP: 2/2
   161 | D:1      | Quit the game

Illustrated notes

Levels and vault maps discovered:
D:1:      lightli_arrival_windingriver, layout_loops_ring,
          dreamdust_ecumenical_altar_statues, serial_shops, shop,
          corner_web_ring, minmay_misc_feat_columns, serial_bayou_pond_a

Skill      XL: |  1 |
---------------+----+-----
Unarmed Combat | 3 |  3.0
Fighting       | |  1.0
Dodging        | |  1.7
Shapeshifting  | |  2.9

Action                     || total
---------------------------++-------
  Melee: Unarmed           ||    15
         Punch             ||     1
 Armour: Animal skin       ||    11
  Dodge: Dodged            ||    14

Table legend: (Time is in decaauts)
 A = Elapsed time spent in this place.
 B = Non-inter-level travel time spent in this place.
 C = Inter-level travel time spent in this place.
 D = Time resting spent in this place.
 E = Time spent auto-exploring this place.
 F = Levels seen in this place.
 G = Mean time per level.
                   A        B        C        D        E       F      G
               +--------+--------+--------+--------+--------+-----+--------+
         Total |    161 |    161 |      0 |      0 |    118 |   1 |  161.0 |
       Dungeon |    161 |    161 |      0 |      0 |    118 |   1 |  161.0 |
               +--------+--------+--------+--------+--------+-----+--------+

Top non-repeatable levels by time:
     D:1: 161 daAuts
